 Dungeon Crawl Stone Soup version 0.27.1-2-g3b301248ec (webtiles) character file.

Game seed: 3881818512567542543

64863 kamnev09 the Peltast (level 14, -36/132 HPs)
             Began as a Minotaur Berserker on Sept 29, 2021.
             Was a High Priest of Trog.
             Killed from afar by a frost giant (42 damage)
             ... with a bolt of cold
             ... on level 1 of the Depths.
             The game lasted 01:23:39 (20332 turns).

kamnev09 the Peltast (Minotaur Berserker)          Turns: 20332, Time: 01:23:42

Health: -36/132    AC: 30    Str: 25    XL:     14   Next: 73%
Magic:  13/13      EV: 14    Int:  7    God:    Trog [*****.]
Gold:   1442       SH: 15    Dex: 12    Spells: 13/13 levels left

rFire    . . .     SeeInvis .   E - +3 hand axe (spect)
rCold    . . .     Faith    .   l - +0 kite shield
rNeg     . . .     Spirit   .   B - +1 plate armour
rPois    +         Reflect  .   (helmet restricted)
rElec    .         Harm     .   e - +0 cloak
rCorr    +         Rampage  .   b - +2 pair of gloves
Will     +....                  F - +1 pair of boots
Stlth    ..........             (no amulet)
HPRegen  0.32/turn              x - ring "Vezxazuca" {*Slow rCorr EV+4 Int+3}
MPRegen  0.13/turn              I - ring of the Evening {rPois AC+4 Slay+3}

@: on berserk cooldown, hasted and slowed
A: horns 2, retaliatory headbutt
a: Renounce Religion, Berserk, Trog's Hand, Brothers in Arms


You were on level 1 of the Depths.
You worshipped Trog.
Trog was extremely pleased with you.
You visited 2 branches of the dungeon, and saw 16 of its levels.
You visited the Abyss 1 time.

You collected 1442 gold pieces.

Inventory:

Hand Weapons
 a - a +0 hand axe
 u - a +2 war axe of flaming
 w - the +11 dagger of Extremism {vorpal, Will+ rCorr Str+4 Int+2}
   (You found it on level 6 of the Dungeon)

   It inflicts extra damage upon your enemies.
   Str:       It affects your strength (+4).
   Int:       It affects your intelligence (+2).
   rCorr:     It protects you from acid and corrosion.
   Will:      It increases your willpower.
 E - a +3 spectral hand axe (weapon)
 M - the +7 pair of quick blades "Gyre" and "Gimble" {protect}
   (You found it on level 15 of the Dungeon)

   It grants its wielder temporary protection when it strikes (+7 to AC).
Armour
 b - a +2 pair of gloves (worn)
 e - a +0 cloak (worn)
 l - a +0 kite shield (worn)
 v - the +4 moon troll leather armour {Spirit, Regen++ MP+5}
   (You found it on level 11 of the Dungeon)

   MP:        It affects your magic capacity (+5).
   Regen:     It increases your rate of health regeneration.
 B - a +1 plate armour (worn)
 F - a +1 pair of boots (worn)
 J - a +3 scale mail of fire resistance
Jewellery
 x - the ring "Vezxazuca" (left hand) {*Slow rCorr EV+4 Int+3}
   (You found it on level 6 of the Dungeon)

   [ring of evasion]

   EV:        It affects your evasion (+4).
   Int:       It affects your intelligence (+3).
   rCorr:     It protects you from acid and corrosion.
   *Slow:     It may slow you when you take damage.
 y - a +4 ring of evasion
 C - a +4 ring of evasion
 I - the ring of the Evening (right hand) {rPois AC+4 Slay+3}
   (You acquired it on level 14 of the Dungeon)

   [ring of protection]

   AC:        It affects your AC (+4).
   Slay:      It affects your accuracy & damage with ranged weapons and melee
   (+3).
   rPois:     It protects you from poison.
Wands
 f - a wand of paralysis (16)
 r - a wand of acid (31)
 t - a wand of polymorph (10)
 G - a wand of iceblast (8)
 N - a wand of flame (10)
 P - a wand of mindburst (9)
Scrolls
 k - 4 scrolls of identify
 n - 6 scrolls of teleportation
 o - 2 scrolls of magic mapping
 p - 2 scrolls of amnesia
 H - a scroll of blinking
 K - a scroll of summoning
 L - a scroll of holy word
 O - 2 scrolls of fog
Potions
 c - 4 potions of mutation
 d - 2 potions of brilliance {unknown}
 g - 3 potions of heal wounds
 h - a potion of magic {unknown}
 i - 2 potions of curing
 j - a potion of degeneration {unknown}
 m - 2 potions of resistance
 q - 2 potions of flight
 z - a potion of ambrosia
 A - 2 potions of haste
 D - 2 potions of might
Miscellaneous
 s - a condenser vane
 Q - a piece from Xom's chessboard (15/15)


   Skills:
 * Level 14.0 Fighting
 + Level 14.6 Axes
 * Level 15.2 Armour
 + Level 6.5 Dodging
 - Level 0.2 Stealth
 * Level 16.2 Shields


You had 13 spell levels left.
You didn't know any spells.
Your spell library was empty.

Dungeon Overview and Level Annotations

Branches:
Dungeon (15/15)            Temple (0/1) D:5            Lair (0/6) D:11
    Orc (0/2) D:11         Vaults (0/5) D:14         Depths (1/5) D:15

Altars:
Dithmenos
Gozag
Nemelex Xobeh
Okawaru
Qazlal
Sif Muna

Shops:
D:2 [:   D:9 =   D:11 [   D:15 :

Portals:
Hell: Depths:1
Ziggurat: Depths:1

Annotations:
Depths:1 exclusion: orange crystal statue


Innate Abilities, Weirdness & Mutations

You have a pair of horns on your head.
You reflexively headbutt those who attack you in melee.


Message History

You feel a strong urge to attack something.
You are no longer berserk.
You are exhausted.
You feel yourself slow down.
The vampire mage gestures wildly while chanting.
The vampire mage flickers and vanishes!
Deactivating autopickup; reactivate with Ctrl-A.
Things that are here:
a +0 rapier; a +0 animal skin You bump into the metal wall.
The glowing orange brain pulsates.
Something tries to feed on your intellect!
The frost giant casts a spell at you. The bolt of cold misses you.
Something hits you but does no damage. Something bites you!
Something draws strength from your injuries!
The ettin hits you with a +0 dire flail!!
The ettin barely misses you. Something hits you but does no damage.
Something bites you but does no damage.
You bump into the metal wall.
The ettin hits you with a +0 dire flail!
The ettin hits you with a +0 dire flail!!
The frost giant barely misses you. Something hits you but does no damage.
Something bites you.
Something draws strength from your injuries!
The ettin closely misses you. The ettin misses you.
You are too confused!
You feel less confused.
The frost giant gestures at you while chanting.
The bolt of cold hits you!!!
* * * LOW HITPOINT WARNING * * *
The glowing orange brain pulsates.
You feel yourself speed up.
The green ugly thing gurgles horribly! x2
The ettin hits you with a +0 dire flail.
* * * LOW HITPOINT WARNING * * *
The ettin barely misses you. The frost giant casts a spell at you.
The bolt of cold hits you!!!
You die...

..# #.###. ##......# #.# ≈#####
#.#... #.(###..##.. ≈≈...#
#.##.u## ##'#.#...#.. ≈≈...#
#††#..C# ..#...##..... ≈#...#
##.##u.## ##..##...###... ##...#
#..#.Gu###.....#.#'#.#... ≈#...#
##.##DG#.....#####...##.. ≈#...#
#..#..C...###.#....).#.†
≈#...#####..##.C@###...##..#..##.
≈#...........#.#'#......#......#.
≈#...........###.....#..##...####
##.............##..###...'.### ##
###.........##..#...###..### ##.
# #.........###.##..#.)...# #.. #
#.........# #..#...(..#######.. #
#.........####.##...###.>...... #
#...............#.###....####..


You could see 2 frost giants, an ice dragon (summoned), a great orb of eyes, 3
ugly things, an ettin and a glowing orange brain.

Vanquished Creatures
  Rupert (D:14)
  Jorgrun (D:15)
  2 liches (Depths:1)
  A frost giant (Depths:1)
  2 very ugly things (Depths:1)
  3 stone giants (Depths:1)
  A dire elephant (D:15)
  3 ettins
  A merfolk impaler (Depths:1)
  A fire dragon (Depths:1)
  An ice dragon (Depths:1)
  A hydra (D:15)
  A great orb of eyes (D:13)
  A rakshasa (Depths:1)
  2 centaur warriors
  4 two-headed ogres
  A tengu warrior (Depths:1)
  2 spriggan berserkers
  A vampire mage (Depths:1)
  The ghost of Jabberih the Martial Artist, a novice OpTm (D:6)
  2 glowing orange brains (Depths:1)
  2 orc knights
  A wizard (Depths:1)
  An orc sorcerer (D:15)
  A salamander (D:15)
  2 deep elf pyromancers (D:12)
  25 ugly things
  A faun (shapeshifter) (D:15)
  6 manticores
  3 cyclopes
  A gargoyle (D:14)
  A rime drake (shapeshifter) (D:15)
  A kobold demonologist (D:10)
  2 tengu conjurers
  3 trolls
  9 slime creatures
  Sigmund (D:6)
  A shadow (D:10)
  15 humans
  A centaur simulacrum (D:14)
  4 wraiths
  6 water elementals (Depths:1)
  A wyvern (D:10)
  A steam dragon (D:10)
  19 yaks
  A basilisk (D:15)
  7 vampire mosquitoes
  2 acid dragons
  A floating eye (Depths:1)
  Duvessa (D:6)
  8 orc warriors
  4 ice beasts
  3 boggarts
  2 necrophages
  11 centaurs
  2 ogres
  A wolf (D:11)
  2 phantoms
  2 kobold brigands
  2 bullfrogs
  3 gnoll sergeants
  Blork the orc (D:6)
  Dowan (D:6)
  A scorpion (D:5)
  2 water moccasin skeletons (D:6)
  6 killer bees (D:10)
  3 wights (D:9)
  3 electric eels (D:11)
  A bullfrog zombie (D:6)
  A howler monkey (D:6)
  6 centaur zombies
  10 hounds
  3 jellies
  7 orc priests
  A bullfrog skeleton (D:5)
  Jessica (D:2)
  3 centaur skeletons
  An iguana (D:6)
  8 orc wizards
  A howler monkey zombie (D:10)
  12 gnolls
  7 adders
  A howler monkey skeleton (D:5)
  A white imp (D:7)
  3 dart slugs
  29 orcs
  5 bats
  10 endoplasms
  7 giant cockroaches
  10 goblins
  8 hobgoblins
  6 jackals (D:1)
  A quokka (D:1)
  8 ball pythons
  2 frilled lizards
  12 kobolds
  3 rats
  A bush (D:1)
379 creatures vanquished.

Vanquished Creatures (collateral kills)
  A human (D:14)
1 creature vanquished.

Vanquished Creatures (others)
  A boggart (D:15)
  An orc wizard (D:12)
  An orc (D:12)
  11 plants
14 creatures vanquished.

Grand Total: 394 creatures vanquished

Notes
Turn   | Place    | Note
-------+----------+-------------------------------------------
     0 | D:1      | kamnev09 the Minotaur Berserker began the quest for the
                  | Orb.
     0 | D:1      | Reached XP level 1. HP: 19/19 MP: 0/0
    36 | D:1      | Found a faded altar of an unknown god.
   352 | D:1      | Reached XP level 2. HP: 21/27 MP: 1/1
  1157 | D:1      | Reached ** piety under Trog
  1158 | D:1      | Reached XP level 3. HP: 34/34 MP: 2/2
  1619 | D:2      | Found Vusodak's Book Shop.
  1686 | D:2      | Noticed Jessica
  1690 | D:2      | Killed Jessica
  1695 | D:2      | Reached XP level 4. HP: 41/41 MP: 3/3
  2213 | D:2      | Found Azazxyom's Antique Armour Shoppe.
  2753 | D:3      | Reached skill level 5 in Axes
  3188 | D:4      | Found a shadowy altar of Dithmenos.
  3416 | D:4      | Reached XP level 5. HP: 47/47 MP: 4/4
  3500 | D:4      | Found a stormy altar of Qazlal.
  3548 | D:4      | Noticed a phantom
  3561 | D:4      | Killed a phantom
  3562 | D:4      | Reached skill level 1 in Shields
  3857 | D:4      | Found an opulent altar of Gozag.
  3975 | D:5      | Entered Level 5 of the Dungeon
  3983 | D:5      | Reached *** piety under Trog
  3997 | D:5      | Reached skill level 5 in Fighting
  3997 | D:5      | Reached skill level 2 in Shields
  3997 | D:5      | Reached XP level 6. HP: 50/56 MP: 5/5
  4256 | D:5      | Found a staircase to the Ecumenical Temple.
  4294 | D:5      | Reached skill level 5 in Armour
  4344 | D:5      | Reached skill level 3 in Shields
  4344 | D:5      | Reached XP level 7. HP: 47/61 MP: 6/6
  4933 | D:6      | Noticed Blork the orc
  4939 | D:6      | Killed Blork the orc
  5006 | D:6      | Reached skill level 4 in Shields
  5106 | D:6      | Reached XP level 8. HP: 70/70 MP: 7/7
  5137 | D:6      | Noticed Duvessa
  5137 | D:6      | Noticed Dowan
  5163 | D:6      | Killed Duvessa
  5192 | D:6      | Killed Dowan
  5450 | D:6      | Noticed Sigmund
  5455 | D:6      | Killed Sigmund
  5456 | D:6      | Reached skill level 5 in Shields
  5550 | D:6      | Found a runed translucent door.
  5551 | D:6      | Noticed Jabberih's ghost (novice OpTm)
  5576 | D:6      | Killed Jabberih's ghost
  5800 | D:6      | Reached XP level 9. HP: 74/78 MP: 8/8
  5804 | D:6      | Reached skill level 5 in Dodging
  5804 | D:6      | Reached skill level 6 in Shields
  5863 | D:6      | Reached **** piety under Trog
  5874 | D:6      | Identified the +11 dagger of Extremism {vorpal, Will+ rCorr
                  | Str+4 Int+2}
  5886 | D:6      | Identified the ring "Vezxazuca" {*Slow rCorr EV+4 Int+3}
  6502 | D:6      | Identified the +3 ring mail of the Ecumenical Temple
                  | {+Blink rElec rF-}
  6826 | D:7      | Reached skill level 7 in Shields
  7447 | D:8      | Reached skill level 8 in Shields
  7460 | D:8      | Reached XP level 10. HP: 88/88 MP: 9/9
  7652 | D:8      | You fall into a shaft and drop 1 floor!
  8223 | D:8      | You fall into a shaft and drop 2 floors!
  8223 | D:10     | Entered Level 10 of the Dungeon
  8236 | D:10     | Reached skill level 10 in Axes
  8389 | D:9      | Noticed a two-headed ogre
  8395 | D:9      | Killed a two-headed ogre
  8396 | D:9      | Reached skill level 9 in Shields
  9072 | D:9      | Found Coditoi's Jewellery Shoppe.
  9542 | D:8      | Noticed a two-headed ogre
  9553 | D:8      | Killed a two-headed ogre
 10105 | D:10     | Reached ***** piety under Trog
 10368 | D:10     | Found an iron altar of Okawaru.
 10432 | D:10     | Reached skill level 10 in Armour
 10777 | D:10     | Reached skill level 10 in Shields
 10780 | D:10     | Reached XP level 11. HP: 94/97 MP: 10/10
 11233 | D:11     | Reached skill level 10 in Fighting
 11410 | D:11     | Reached skill level 11 in Shields
 11550 | D:11     | Noticed a two-headed ogre
 11562 | D:11     | Killed a two-headed ogre
 11690 | D:11     | Found a staircase to the Lair.
 11837 | D:11     | Received a gift from Trog
 11973 | D:11     | Found the +4 moon troll leather armour {Spirit, Regen++
                  | MP+5}
 11974 | D:11     | Found a staircase to the Orcish Mines.
 12028 | D:11     | Found Ibist's Armour Shoppe.
 12153 | D:11     | Noticed a two-headed ogre
 12162 | D:11     | Killed a two-headed ogre
 12342 | D:12     | Reached skill level 12 in Shields
 12538 | D:12     | Noticed a deep elf pyromancer
 12547 | D:12     | Killed a deep elf pyromancer
 12842 | D:12     | Noticed a deep elf pyromancer
 12845 | D:12     | Killed a deep elf pyromancer
 12846 | D:12     | Reached XP level 12. HP: 108/108 MP: 11/11
 14472 | D:14     | Noticed a centaur warrior
 14472 | D:14     | Noticed Rupert
 14472 | D:14     | Noticed a great orb of eyes
 14472 | D:14     | Found a gate to the Vaults.
 14502 | D:13     | Killed a great orb of eyes
 14839 | D:14     | Reached skill level 13 in Shields
 15271 | D:14     | Found a shimmering blue altar of Sif Muna.
 15855 | D:14     | Killed a centaur warrior
 15868 | D:14     | Reached XP level 13. HP: 106/117 MP: 12/12
 16043 | D:14     | Killed Rupert
 16047 | D:14     | Identified a scroll of acquirement
 16047 | D:14     | Acquired the ring of the Evening {rPois AC+4 Slay+3}
 16648 | D:15     | Entered Level 15 of the Dungeon
 16671 | D:15     | Reached skill level 14 in Shields
 16744 | D:15     | Noticed a fire dragon
 17123 | D:15     | Noticed an ettin
 17123 | D:15     | Noticed an ettin
 17136 | D:15     | Killed an ettin
 17142 | D:15     | Killed an ettin
 17319 | D:15     | Found the +7 pair of quick blades "Gyre" and "Gimble"
                  | {protect}
 17458 | D:15     | Noticed Jorgrun
 17476 | D:15     | Killed Jorgrun
 17655 | D:15     | Reached skill level 15 in Shields
 17658 | D:15     | Noticed a dire elephant
 17680 | D:15     | Killed a dire elephant
 17862 | D:15     | Found a staircase to the Depths.
 18005 | D:15     | Found Ciewaf's Book Shop.
 18317 | Depths:1 | Entered Level 1 of the Depths
 18463 | Depths:1 | Found a gateway to a ziggurat.
 18463 | Depths:1 | Noticed an angel
 18483 | Depths:1 | Cast into level 2 of the Abyss (a wizard)
 18507 | Depths:1 | Escaped the Abyss
 18600 | Depths:1 | Reached XP level 14. HP: 100/127 MP: 13/13
 19027 | Depths:1 | Found a gateway to Hell.
 19027 | Depths:1 | Noticed a brown very ugly thing
 19027 | Depths:1 | Noticed a brown very ugly thing
 19061 | Depths:1 | Killed a brown very ugly thing
 19081 | Depths:1 | Killed a red very ugly thing
 19361 | Depths:1 | Found a sparkling altar of Nemelex Xobeh.
 19374 | Depths:1 | Noticed a frost giant
 19374 | Depths:1 | Noticed a lich
 19385 | Depths:1 | Killed a frost giant
 19391 | Depths:1 | Killed a lich
 19685 | Depths:1 | Noticed a stone giant
 19700 | Depths:1 | Killed a stone giant
 19793 | Depths:1 | Noticed a stone giant
 19802 | Depths:1 | Killed a stone giant
 19803 | Depths:1 | Reached skill level 15 in Armour
 20165 | Depths:1 | Noticed a lich
 20165 | Depths:1 | Noticed a stone giant
 20176 | Depths:1 | Killed a lich
 20177 | Depths:1 | Reached skill level 16 in Shields
 20180 | Depths:1 | Killed a stone giant
 20317 | Depths:1 | Noticed a frost giant
 20332 | Depths:1 | Noticed a frost giant
 20332 | Depths:1 | HP: 6/132 [ettin (6)]
 20332 | Depths:1 | Killed from afar by a frost giant

Illustrated notes

Levels and vault maps discovered:
D:1:      dpeg_arrival_tiny_h, layout_loops_corners, serial_forest,
          infiniplex_forest_clump_small, infiniplex_forest_3_way,
          infiniplex_forest_lined_3, infiniplex_forest_straight_2,
          infiniplex_forest_side_room, infiniplex_forest_pool,
          infiniplex_forest_clump_long, infiniplex_forest_lined_room_3,
          hellmonk_ecumenical_altar_blasted, minmay_tall_x
D:2:      layout_basic, serial_shops, nicolae_shop_window_shopping,
          nicolae_diamond_shop, kennysheep_pointless_box, uniq_jessica
D:3:      layout_loops_ring, kennysheep_generic_room_3
D:4:      layout_loops_cross, nicolae_dithmenos_shadow_blocks,
          grunt_gozag_breadcrumbs, lemuel_round_altar
D:5:      layout_cave_pools, minmay_temple_entry_statues_pillars
D:6:      layout_layer_cave, ebering_ghost_reflecting_pool,
          minmay_strange_pillars, hangedman_minor_gate_pass, uniq_sigmund,
          uniq_duvessa, uniq_blork_the_orc
D:7:      layout_rooms, minmay_a_box_with_orc_wizards_in_it
D:8:      layout_loops_ring, enter_bailey_5
D:9:      layout_loops_corners, serial_shops, nicolae_shop_crystal
D:10:     wad_woods_structure_01, layout_small_grid, okawaru_gym_becter
D:11:     layout_gridville, erik_lair_island, orc_0_dummy, serial_shops,
          nicolae_shop_crystal
D:12:     layout_irregular_city
D:13:     layout_roguey, minmay_lindwurm_lava
D:14:     layout_loops_ring, david_vaults_3, nicolae_sif_muna_condensation
D:15:     hangedman_depths_entry_try_elsewhere_first, layout_cave_pods,
          minmay_misc_feat_doors, serial_shops, shop, minmay_misc_feat_alley,
          hellmonk_guarded_unrand_gyre_and_gimble, uniq_jorgrun
Depths:1: minmay_slanted_spiral_squares, layout_basic, enter_ziggurat_f,
          nemelex_spade_bored_becter, rand_demon_pan_entry_4, pf_coc_iceberg,
          grunt_decor_junction, dpeg_stationary_puzzle, serial_bayou_shore_b

Skill      XL: |  1  2  3  4  5  6  7  8  9 10 11 12 13 14 |
---------------+-------------------------------------------+-----
Fighting       | 4 5 6 7 9 10 11 12 14 | 14.0
Axes           | 4 5 6 7 8 9 10 11 13 14 | 14.6
Armour         | 3 4 5 6 7 8 10 11 13 14 15 | 15.2
Dodging        | 3 4 5 6 |  6.5
Shields        | 2 3 4 5 8 10 12 13 15 16 | 16.2
Stealth        | |  0.2

Action                   |  1- 3 |  4- 6 |  7- 9 | 10-12 | 13-15 || total
-------------------------+-------+-------+-------+-------+-------++-------
Melee: Hand axe          |   103 |   136 |   267 |   671 |   471 ||  1648
       Headbutt          |    33 |    26 |    70 |   202 |   140 ||   471
Invok: Berserk           |     1 |     1 |     9 |    14 |    12 ||    37
       Brothers in Arms  |       |       |       |     2 |     1 ||     3
       Trog's Hand       |       |       |       |     1 |       ||     1
Evoke: Condenser vane    |       |       |       |     1 |       ||     1
  Use: Scroll            |     2 |       |     3 |    13 |     8 ||    26
       Potion            |       |       |       |     5 |     2 ||     7
 Stab: Sleeping          |     1 |       |       |       |       ||     1
       Distracted        |       |       |       |     6 |     3 ||     9
Armor: Animal skin       |     8 |       |       |       |       ||     8
       Ring mail         |     4 |    53 |    83 |       |       ||   140
       Plate armour      |       |       |    20 |   158 |   104 ||   282
Dodge: Dodged            |    31 |    58 |    99 |   283 |   101 ||   572
Block: Kite shield       |       |    35 |   134 |   342 |   194 ||   705
